AoeStats
← skrepy707

Arabia

508463916Analyzed
1v1 RM · 11d ago on Sep 22, 2026· 62m 2s· 2 players
Game mode
Random Map
Map size
Tiny (2 player)
Population
200
Speed
Normal
Resources
Standard
Victory
Conquest
Starting age
Dark Age
Ending age
Imperial Age
RankedLock teamsTeams togetherTeam positionsShared explorationLock speedFull tech treeHidden civsTurbo modeCheats
Victory
Defeat
🇵🇪 Varangians · Peru
986
+16
🇨🇿 Byzantines · Czechia
993
-16
Lobo Gélido
8:48 Loom
11:18 Feudal Age
12:21 Double-Bit Axe
14:15 Horse Collar
17:52 Castle Age
17:53 Scale Barding Armor
26:47 Stone Mining
28:26 Forging
30:06 Squires
30:32 Gold Mining
32:43 Wheelbarrow
32:33 Scale Mail Armor
33:53 Iron Casting
34:02 Bow Saw
33:54 Heavy Plow
34:30 Stone Shaft Mining
34:30 Chain Mail Armor
35:10 Chain Barding Armor
35:10 Husbandry
36:29 Bloodlines
39:08 Imperial Age
37:53 Light Cavalry
39:05 Vendel Legacy
40:55 Plate Barding Armor
39:45 Cavalier
42:17 Conscription
45:01 Blast Furnace
47:48 Two-Man Saw
47:53 Plate Mail Armor
48:07 Gothikon
48:38 Elite Varangian Guard
49:35 Arson
52:39 Fletching
55:59 Capped Ram
57:40 Siege Ram
59:46 Bodkin Arrow
skrepy707
7:41 Loom
11:17 Feudal Age
11:42 Double-Bit Axe
12:57 Horse Collar
14:51 Fletching
22:07 Castle Age
20:25 Gold Mining
21:52 Scale Barding Armor
23:12 Bow Saw
23:18 Husbandry
23:32 Forging
23:25 Heavy Plow
24:50 Chain Barding Armor
26:06 Wheelbarrow
26:48 Iron Casting
27:33 Stone Mining
29:10 Hand Cart
34:06 Imperial Age
32:21 Ballistics
32:57 Padded Archer Armor
32:53 Bodkin Arrow
32:22 Elite Skirmisher
34:38 Gold Shaft Mining
36:04 Two-Man Saw
35:36 Crop Rotation
35:26 Elite Cataphract
37:01 Plate Barding Armor
37:41 Logistica
38:27 Stone Shaft Mining
39:46 Chemistry
39:27 Fortified Wall
41:22 Bracer
41:37 Leather Archer Armor
43:29 Ring Archer Armor
44:53 Heavy Camel Rider
46:09 Murder Holes
51:03 Light Cavalry
54:33 Hussar
Connection lost

Rejoining the realm…

Still unreachable

The connection could not be restored.

Session expired

The server has moved on; the page needs a fresh start.